 Dungeon Crawl Stone Soup version 0.24-a0-271-ga0fc33f724 (webtiles) character file.

Game seed: 17902360868362886837

283 Redear the Skirmisher (level 6, -2/48 HPs)
             Began as a Mummy Fighter on Apr 23, 2019.
             Slain by a phantom (6 damage)
             ... on level 4 of the Dungeon.
             The game lasted 00:04:49 (3620 turns).

Redear the Skirmisher (Mummy Fighter)               Turns: 3620, Time: 00:04:50

Health: -2/48      AC:  6    Str: 20    XL:     6   Next: 7%
Magic:  6/6        EV: 10    Int:  9    God:
Gold:   141        SH:  0    Dex: 11    Spells: 5/5 levels left

rFire    x . .     SeeInvis .   a - +0 flail
rCold    + . .     Gourm    .   (no shield)
rNeg     + + +     Faith    .   b - +0 scale mail
rPois    ∞         Spirit   .   (no helmet)
rElec    .         Reflect  .   (no cloak)
rCorr    .         Harm     .   (no gloves)
MR       .....                  (no boots)
Stlth    ..........             (no amulet)
HPRegen  0.16/turn              (no ring)
MPRegen  0.10/turn              (no ring)

@: no status effects
A: no food or potions, fire vulnerability, cold resistance 1, negative energy
resistance 3, torment resistance, unbreathing
a: no special abilities


You were on level 4 of the Dungeon.
You were not hungry.

You visited 1 branch of the dungeon, and saw 5 of its levels.

You collected 141 gold pieces.

Inventory:

Hand Weapons
 a - a +0 flail (weapon)
 e - a +0 hand axe of chopping
Armour
 b - a +0 scale mail (worn)
 c - a +0 shield
 h - a scarf of spirit shield
 k - a cursed +0 helmet
 p - a +0 helmet
Scrolls
 d - 2 scrolls of teleportation {unknown}
 f - 7 scrolls of remove curse {unknown}
 g - a scroll of magic mapping {unknown}
 i - a scroll of immolation {unknown}
 j - 2 scrolls of identify {unknown}
 m - 2 scrolls of fog {unknown}
 n - a scroll of fear {unknown}
 o - a scroll of enchant weapon {unknown}
 q - a scroll of blinking {unknown}
Potions
 l - 2 potions of heal wounds {unknown}


   Skills:
 + Level 4.0 Fighting
 + Level 2.7 Maces & Flails
 + Level 3.3 Armour
 + Level 1.9 Dodging
 + Level 3.3 Shields


You had 5 spell levels left.
You didn't know any spells.
Your spell library was empty.

Dungeon Overview and Level Annotations

Branches:
Dungeon (5/15)
 Temple: D:4-7

Altars:
Elyvilon
Wu Jian
Zin
The Shining One


Innate Abilities, Weirdness & Mutations

You do not eat or drink.
Your flesh is vulnerable to fire.
You are immune to poison.
Your flesh is cold resistant. (rC+)
You are immune to negative energy. (rN+++)
You are immune to unholy pain and torment.
You can survive without breathing.


Message History

The phantom hits you.
* * * LOW HITPOINT WARNING * * *
The phantom blinks!
You take 1 damage, and have 3/48 hp.
You barely miss the phantom.
The phantom is moderately damaged.
The phantom barely misses you.
You hit the phantom but do no damage.
The phantom is moderately damaged.
The phantom closely misses you.
You can't drink.
Unknown command.
Okay, then.
Your scale mail prevents you from hitting the phantom.
The phantom is moderately damaged.
The phantom hits you but does no damage.
You barely miss the phantom.
The phantom is moderately damaged.
The phantom hits you.
You die...

# ####...# .#.##. ......#
##.#.##.########....######
.........................
#.#.##.#.....)...........
##.#[.#.#..#####.#........ ..
.........................
#.###.#..###W.####..#........
#..#..#.....@................
.........###..#.#...#..####.#
...................>...# #
.#.#.....###..#....#.......
.#.#.....###..#........##.#
.........................
.###...................##.#.#
.................#.#.#.##....
.###......................#.#


You could see a phantom.

Vanquished Creatures
  An orc priest (D:3)
  An orc wizard (D:3)
  An iguana (D:3)
  Terence (D:3)
  Robin (D:2)
  A gnoll (D:1)
  2 adders (D:2)
  An ooze (D:2)
  2 worms
  5 dart slugs
  A leopard gecko (D:3)
  10 orcs (D:3)
  3 giant cockroaches
  14 goblins
  13 hobgoblins
  16 jackals
  A quokka (D:2)
  2 bats (D:3)
  7 frilled lizards
  11 kobolds
  5 rats
99 creatures vanquished.

Notes
Turn   | Place    | Note
-------+----------+-------------------------------------------
     0 | D:1      | Redear the Mummy Fighter began the quest for the Orb.
     0 | D:1      | Reached XP level 1. HP: 18/18 MP: 1/1
   316 | D:1      | Reached XP level 2. HP: 19/24 MP: 2/2
   718 | D:1      | Reached XP level 3. HP: 26/29 MP: 3/3
   861 | D:1      | Reached skill level 2 in Maces & Flails
  1242 | D:2      | Reached skill level 1 in Dodging
  1251 | D:2      | Noticed Robin
  1264 | D:2      | Killed Robin
  1264 | D:2      | Reached XP level 4. HP: 24/35 MP: 4/4
  1703 | D:2      | Found an ornate altar of the Wu Jian Council.
  1862 | D:3      | Reached skill level 3 in Armour
  1870 | D:3      | Reached skill level 3 in Shields
  1870 | D:3      | Reached XP level 5. HP: 21/42 MP: 5/5
  1896 | D:3      | HP: 4/42 [jackal (1)]
  2350 | D:3      | Noticed Terence
  2357 | D:3      | Killed Terence
  3109 | D:4      | Found a glowing silver altar of Zin.
  3109 | D:4      | Found a glowing golden altar of the Shining One.
  3151 | D:4      | HP: 4/42 [orc/+0 flail (1)]
  3160 | D:3      | HP: 1/42 [iguana (4)]
  3189 | D:3      | HP: 3/42 [iguana (2)]
  3197 | D:3      | Reached skill level 4 in Fighting
  3197 | D:3      | Reached XP level 6. HP: 5/48 MP: 6/6
  3562 | D:4      | Found a white marble altar of Elyvilon.
  3573 | D:5      | Entered Level 5 of the Dungeon
  3611 | D:4      | HP: 4/48 [phantom (5)]
  3620 | D:4      | Slain by a phantom

Levels and vault maps discovered:
D:1:      psy_arrival_radial02, layout_rooms
D:2:      layout_rooms, lemuel_coloured_pillars_altar, grunt_ministairs_6,
          uniq_robin
D:3:      corexii_shack_village, layout_loops_corners, uniq_terence
D:4:      layout_basic, good_gods_mini_temple, minmay_diced_spiral, uniq_edmund
D:5:      layout_gridville, first_ration

Skill      XL: |  1  2  3  4  5 |
---------------+----------------+-----
Maces & Flails | 2 |  2.7
Dodging        | 1 |  1.9
Armour         | 3 |  3.3
Shields        | 3 |  3.3
Fighting       | 4 |  4.0

Action                   |  1- 3 |  4- 6 || total
-------------------------+-------+-------++-------
Melee: Flail             |   114 |   291 ||   405
Armor: Scale mail        |    55 |   159 ||   214
Dodge: Dodged            |    81 |   201 ||   282

Table legend:
 A = Non-vault XP
 B = Vault XP
 C = Vault XP percentage of total XP
 D = Non-vault monster count
 E = Vault monster count
 F = Vault count percentage of total count
                 A         B        C        D         E       F
            +---------+---------+-------+---------+---------+-------
      Total |     278 |     127 |  31.4 |      78 |      21 |  21.2
            +---------+---------+-------+---------+---------+-------
        D:1 |      64 |       0 |   0.0 |      29 |       0 |   0.0
        D:2 |      58 |      39 |  40.2 |      15 |      13 |  46.4
        D:3 |     142 |      88 |  38.3 |      28 |       8 |  22.2
        D:4 |      14 |       0 |   0.0 |       6 |       0 |   0.0
            +---------+---------+-------+---------+---------+-------
